 Dungeon Crawl Stone Soup version 0.31-a0-986-g5e6e4ef867 (webtiles) character file.

Game seed: 1222163697866112654

155 flord the Chopper (level 5, -6/45 HPs)
             Began as a Minotaur Fighter on Nov 10, 2023.
             Mangled by an orc
             ... wielding a +1 heavy flail
              (15 damage)
             ... on level 3 of the Dungeon.
             The game lasted 00:08:19 (1456 turns).

flord the Chopper (Minotaur Fighter)                Turns: 1456, Time: 00:08:20

Health: -6/45      AC:  8    Str: 22    XL:     5   Next: 14%
Magic:  4/4        EV:  9    Int:  5    God:
Gold:   65         SH:  4    Dex: 10    Spells: 4/4 levels left

rFire   . . .        a - +0 war axe
rCold   . . .        c - +0 buckler
rNeg    . . .        b - +0 scale mail
rPois   .            (helmet restricted)
rElec   .            (no cloak)
rCorr   .            (no gloves)
SInv    .            e - +0 pair of boots
Will    +....        (no amulet) Stlth
                     (no ring)
HPRegen 0.27/turn    (no ring)
MPRegen 0.09/turn

%: no passive effects
@: mighty
A: horns 2, retaliatory headbutt, strong-willed 1, wild magic 1
a: no special abilities


You were on level 3 of the Dungeon.
You visited 1 branch of the dungeon, and saw 3 of its levels.

You collected 65 gold pieces.

Inventory:

Hand Weapons
 a - a +0 war axe (weapon)
Armour
 b - a +0 scale mail (worn)
 c - a +0 buckler (worn)
 e - a +0 pair of boots (worn)
Talismans
 f - a beast talisman
 h - a maw talisman
Wands
 j - a wand of paralysis (8)
Scrolls
 k - a scroll of revelation
Potions
 g - 2 potions of curing


   Skills:
 - Level 3.6 Fighting
 * Level 6.5 Axes
 - Level 3.6 Armour
 - Level 3.6 Shields


You had 4 spell levels left.
You didn't know any spells.
Your spell library contained the following spells:

 Spells                   Type           Power      Damage    Failure   Level
 Freeze                   Ice            0%         1d3       90%         1
 Scorch                   Fire           0%         2d5       97%         2
 Frozen Ramparts          Ice            0%         1d1       99%         3
 Hailstorm                Conj/Ice       0%         3d3       99%         3
 Flame Wave               Conj/Fire      0%         2d4       100%        4
 Summon Cactus Giant      Summ           0%         N/A       100%        6


Dungeon Overview and Level Annotations

Branches:
Dungeon (3/15)

Altars:
Vehumet

Shops:
D:1 (*


Innate Abilities, Weirdness & Mutations

You have a pair of horns on your head.
You reflexively headbutt those who attack you in melee.
You are strong-willed. (Will+)
Your spells are a little harder to cast, but a little more powerful.


Message History

Deactivating autopickup; reactivate with Ctrl-A.
The orc priest hits you but does no damage.
You barely miss the orc priest.
The orc priest is heavily wounded.
The orc priest hits you but does no damage.
You closely miss the orc priest.
The orc priest is heavily wounded.
The orc priest mumbles some strange prayers to Beogh against you.
Beogh smites you!
An orc comes into view. It is wielding a +1 heavy flail.
The orc shouts!
You barely miss the orc priest.
You headbutt the orc priest, but do no damage.
The orc priest is heavily wounded.
You hit something. Something hits you but does no damage.
The orc priest hits you but does no damage.
You closely miss the orc priest.
The orc priest is heavily wounded.
You barely miss the orc. You closely miss something.
Something hits you but does no damage.
The orc priest mumbles some strange prayers to Beogh against you.
Beogh smites you! The orc barely misses you. You furiously retaliate!
You headbutt the orc.
Okay, then.
You feel very mighty all of a sudden. Something hits you but does no damage.
You block the orc priest's attack.
You slash the orc priest!
You kill the orc priest!
You barely miss something. You hit the orc. The orc hits you with a +0 whip.
* * * LOW HITPOINT WARNING * * *
The orc hits you but does no damage. Something hits you but does no damage.
You have reached level 5!
You block something's attack. Something hits you.
* * * LOW HITPOINT WARNING * * *
A magic dart appears from out of thin air!
The magic dart hits you.
* * * LOW HITPOINT WARNING * * *
The orc hits you with a +1 heavy flail!
You die...

#......# ###.##.#
#.##.# #.##.#
#.##.# #### #.##†#
... #.##.# ##.##
#.##.#####...##
..##...@o.....##.#
#####o{........
##)....##. ##...##
##.## ..# ...#
.... .....


You could see 2 orcs.

Vanquished Creatures
  A hound (D:2)
  An orc priest (D:3)
  A gnoll (D:2)
  A dart slug (D:1)
  3 worms
  5 orcs
  3 bats
  6 endoplasms
  2 giant cockroaches
  4 goblins
  2 hobgoblins
  13 jackals
  4 quokkas
  4 ball pythons
  6 frilled lizards
  3 kobolds
  6 rats
65 creatures vanquished.

Notes
Turn   | Place    | Note
-------+----------+-------------------------------------------
     0 | D:1      | flord the Minotaur Fighter began the quest for the Orb.
     0 | D:1      | Reached XP level 1. HP: 19/19 MP: 0/0
    47 | D:1      | Reached skill level 3 in Axes
    60 | D:1      | Reached XP level 2. HP: 26/26 MP: 1/1
    78 | D:1      | Found a transporter.
    78 | D:1      | Found Oraythof's Weapon Emporium.
    80 | D:1      | Found a transporter.
   256 | D:1      | Reached skill level 4 in Axes
   331 | D:1      | Reached XP level 3. HP: 31/31 MP: 2/2
   367 | D:1      | Found Othrua Muwy's Assorted Antiques.
   875 | D:2      | Reached skill level 5 in Axes
  1028 | D:2      | Reached XP level 4. HP: 38/39 MP: 3/3
  1057 | D:2      | Found a radiant altar of Vehumet.
  1165 | D:2      | Reached skill level 6 in Axes
  1268 | D:2      | Gained mutation: You are strong-willed. (Will+) [potion of
                  | mutation]
  1268 | D:2      | Gained mutation: Your spells are a little harder to cast,
                  | but a little more powerful. [potion of mutation]
  1450 | D:3      | Reached XP level 5. HP: 13/45 MP: 4/4
  1456 | D:3      | Mangled by an orc

Illustrated notes

Levels and vault maps discovered:
D:1:      pf_arrival_petrified_forest, layout_rooms, serial_shops,
          nicolae_shop_drivethru, shop, minmay_cut_off
D:2:      layout_rooms, basic_altar, cheibrodos_gnoll_hut
D:3:      layout_loops_ring

Skill      XL: |  1  2  3  4 |
---------------+-------------+-----
Axes           | 3 4 5 6 |  6.5
Fighting       | |  3.6
Armour         | |  3.6
Shields        | |  3.6

Action                     |  1- 3 |  4- 6 || total
---------------------------+-------+-------++-------
  Melee: War axe           |   106 |    27 ||   133
         Headbutt          |    12 |     5 ||    17
    Use: Scroll            |       |     4 ||     4
         Potion            |       |     3 ||     3
 Armour: Scale mail        |    54 |    21 ||    75
  Dodge: Dodged            |    46 |    10 ||    56
  Block: Buckler           |    33 |     7 ||    40

Table legend: (Time is in decaauts)
 A = Elapsed time spent in this place.
 B = Non-inter-level travel time spent in this place.
 C = Inter-level travel time spent in this place.
 D = Time resting spent in this place.
 E = Time spent auto-exploring this place.
 F = Levels seen in this place.
 G = Mean time per level.
                   A        B        C        D        E       F      G
               +--------+--------+--------+--------+--------+-----+--------+
         Total |   1496 |   1356 |    140 |      0 |    916 |   3 |  498.7 |
       Dungeon |   1496 |   1356 |    140 |      0 |    916 |   3 |  498.7 |
               +--------+--------+--------+--------+--------+-----+--------+

Top non-repeatable levels by time:
     D:1: 752 daAuts
     D:2: 554 daAuts
     D:3: 189 daAuts
